 Dungeon Crawl Stone Soup version 0.29-a0-512-gf59ac788ac (webtiles) character file.

Game seed: 1167633912367369305

45352 Pooter the Grappler (level 14, -4/136 HPs)
             Began as a Troll Hunter on May 28, 2022.
             Was a High Priest of Okawaru.
             Slain by a redback (25 damage)
             ... in a Gauntlet on May 29, 2022.
             The game lasted 01:58:27 (19301 turns).

Pooter the Grappler (Troll Hunter)                 Turns: 19301, Time: 01:58:28

Health: -4/136     AC: 13    Str: 34    XL:     14   Next: 0%
Magic:  17/18      EV: 10    Int:  7    God:    Okawaru [*****.]
Gold:   508        SH: 14    Dex: 13    Spells: 13/13 levels left

rFire   + . .      SeeInvis +   X - +3 morningstar (freeze)
rCold   . . .      Faith    .   J - +4 kite shield
rNeg    + . .      Spirit   .   U - quicksilver dragon scales
rPois   .          Reflect  .   L - +0 hat of the Sun {Str+4}
rElec   .          Harm     +   P - scarf {harm}
rCorr   .          Rampage  .   (gloves unavailable)
Will    +++..      NoTele   +   (boots unavailable)
Stlth   ++........              T - amulet of regeneration
HPRegen 1.92/turn               S - +6 ring of strength
MPRegen 0.16/turn               F - ring "Yjutioz" {rF+ rN+ Will+ SInv}

@: heroic
A: large, unfitting armour, claws 3, regeneration 1, shaggy fur 1, tough skin 1
a: Renounce Religion, Heroism, Finesse, Duel


You were in a Gauntlet.
You worshipped Okawaru.
Okawaru was extremely pleased with you.
You visited 2 branches of the dungeon, and saw 17 of its levels.
You also visited: Gauntlet.

You collected 1122 gold pieces.
You spent 614 gold pieces at shops.

Inventory:

Hand Weapons
 b - a +2 hand crossbow
 n - a +0 war axe
   (You took it off an orc on level 8 of the Dungeon)
 H - a +2 demon whip of venom
   (You took it off Amaemon on level 8 of the Dungeon)
 W - the +8 flail of Lon Pos {vorpal, *Rage Will+ Int+6}
   (You found it on level 2 of the Lair of Beasts)

   It inflicts extra damage upon your enemies.
   Int:       It affects your intelligence (+6).
   *Rage:     It berserks you when you make melee attacks (+20% chance).
   Will:      It increases your willpower.
 X - a +3 morningstar of freezing (weapon)
   (You took it off a wight on level 6 of the Dungeon)
Missiles
 e - 9 javelins
 g - 16 atropa-tipped darts
 o - 28 poisoned darts (quivered)
 A - a curare-tipped dart
 B - 5 boomerangs
 G - 8 large rocks
 K - 6 silver javelins
 Q - 511 stones
 Z - 3 datura-tipped darts
Armour
 r - a scarf of invisibility
   (You found it on level 1 of the Dungeon)
 x - an orb of light
   (You found it on level 2 of the Dungeon)
 J - a +4 kite shield (worn)
   (You took it off a gnoll sergeant on level 9 of the Dungeon)
 L - the +0 hat of the Sun (worn) {Str+4}
   (Okawaru gifted it to you on level 10 of the Dungeon)

   Str:       It affects your strength (+4).
 P - a scarf of harm (worn)
   (You found it on level 1 of the Lair of Beasts)
 U - quicksilver dragon scales (worn)
   (You found it on level 2 of the Lair of Beasts)
Jewellery
 i - a +4 ring of protection
   (You found it on level 5 of the Lair of Beasts)
 m - the ring of Dojyizen {Ice rElec Int-5 Stlth+}
   (You found it on level 3 of the Dungeon)

   [ring of ice]

   It enhances your ice magic.
   Int:       It affects your intelligence (-5).
   rF:        It makes you vulnerable to fire.
   rC:        It protects you from cold.
   rElec:     It insulates you from electricity.
   Stlth:     It makes you more stealthy.
 p - a +4 ring of protection
   (You found it on level 3 of the Dungeon)
 v - an amulet of faith {!P}
   (You found it on level 8 of the Dungeon)
 F - the ring "Yjutioz" (right claw) {rF+ rN+ Will+ SInv}
   (You found it on level 2 of the Lair of Beasts)

   [ring of see invisible]

   rF:        It protects you from fire.
   rN:        It protects you from negative energy.
   SInv:      It lets you see invisible.
   Will:      It increases your willpower.
 N - a ring of positive energy
   (You found it on level 5 of the Lair of Beasts)
 O - an amulet of reflection
   (You bought it in a shop on level 6 of the Dungeon)
 S - a +6 ring of strength (left claw)
   (You found it on level 5 of the Lair of Beasts)
 T - an amulet of regeneration (around neck)
   (You found it on level 2 of the Lair of Beasts)
Wands
 d - a wand of iceblast (6)
   (You found it on level 5 of the Dungeon)
 f - a wand of flame (95)
   (You took it off a kobold on level 3 of the Dungeon)
 u - a wand of paralysis (7)
   (You found it on level 3 of the Lair of Beasts)
 y - a wand of mindburst (4)
   (You found it on level 4 of the Lair of Beasts)
Scrolls
 c - 5 scrolls of immolation {!r}
 h - a scroll of blinking
 k - a scroll of fear
 t - 8 scrolls of teleportation {@r4}
 z - 5 scrolls of magic mapping
 C - 2 scrolls of poison {!r}
 R - 4 scrolls of fog
 V - 2 scrolls of noise {!r}
Potions
 a - a potion of berserk rage {unknown}
 j - 3 potions of cancellation
 l - 2 potions of might
 q - a potion of resistance
 s - a potion of heal wounds {@q2}
 w - a potion of attraction {!q}
 D - 6 potions of ambrosia
 E - a potion of haste {@q3}
 I - a potion of mutation {!q}
 M - 2 potions of magic


   Skills:
 + Level 8.1(13.1) Fighting
 * Level 9.9(14.9) Crossbows
 + Level 6.0(11.0) Throwing
 - Level 1.5(6.5) Dodging
 - Level 0.3(5.3) Stealth
 - Level 3.1(8.1) Shields
 * Level 13.2(18.2) Unarmed Combat
 + Level 7.5 Invocations
 - Level 5.5 Evocations


You had 13 spell levels left.
You didn't know any spells.
Your spell library contained the following spells:

 Spells                   Type           Power      Damage    Failure   Level
 Magic Dart               Conj           0%         1d3       77%         1
 Sandblast                Erth           0%         2d4       77%         1
 Searing Ray              Conj           0%         2d4       88%         2
 Frozen Ramparts          Ice            0%         1d2       98%         3
 Gell's Gravitas          Tloc           0%         N/A       98%         3
 Lesser Beckoning         Tloc           0%         N/A       98%         3
 Mephitic Cloud           Conj/Pois/Air  0%         N/A       98%         3
 Portal Projectile        Hex/Tloc       0%         N/A       98%         3
 Teleport Other           Tloc           0%         N/A       98%         3
 Anguish                  Hex/Necr       0%         N/A       100%        4
 Fulminant Prism          Conj/Hex       0%         3d6       100%        4
 Ice Form                 Ice/Tmut       0%         N/A       100%        4
 Leda's Liquefaction      Hex/Erth       0%         N/A       100%        4
 Olgreb's Toxic Radiance  Pois           0%         N/A       100%        4
 Alistair's Intoxication  Tmut/Pois      0%         N/A       100%        5
 Blade Hands              Tmut           0%         N/A       100%        5
 Borgnjor's Vile Clutch   Necr/Erth      0%         N/A       100%        5
 Irradiate                Conj/Tmut      0%         3d13      100%        5
 Iskenderun's Battlesphe  Conj           0%         2d6       100%        5
 Lee's Rapid Deconstruct  Erth           0%         3d5*      100%        5
 Eringya's Noxious Bog    Tmut/Pois      0%         N/A       100%        6
 Iron Shot                Conj/Erth      0%         9d1       100%        6
 Statue Form              Tmut/Erth      0%         N/A       100%        6
 Dragon Form              Tmut           0%         N/A       100%        7
 Enfeeble                 Hex            0%         N/A       100%        7
 Ozocubu's Refrigeration  Ice            0%         4d5       100%        7
 Ignition                 Fire           0%         3d3       100%        8
 Necromutation            Tmut/Necr      0%         N/A       100%        8
 Call Imp                 Summ           Unusable   N/A       N/A         2
 Call Canine Familiar     Summ           Unusable   N/A       N/A         3
 Animate Armour           Summ/Erth      Unusable   N/A       N/A         4
 Summon Ice Beast         Ice/Summ       Unusable   N/A       N/A         4
 Spellforged Servitor     Conj/Summ      Unusable   N/A       N/A         7

Dungeon Overview and Level Annotations

Branches:
Dungeon (11/15)            Temple (0/1) D:6            Lair (6/6) D:10
 Shoals (0/4) Lair:4       Spider (0/4) Lair:3      Gauntlet (1/1)
  Slime: Lair:5-6       Orc: D:9-12

Altars:
Fedhas
Okawaru
Sif Muna
Trog
Uskayaw
Vehumet

Shops:
D:4 ?:   D:6 =   D:8 (

Annotations:
D:4 1 runed translucent door, kyalle's ghost, amateur MiFi Gauntlet 4 transporters


Innate Abilities, Weirdness & Mutations

You are too large for most types of armour.
You have claws for hands.
Your natural rate of healing is unusually fast.
You are covered in fur. (AC +1)
You have tough skin. (AC +1)


Message History

You feel like a meek peon again.
Found a halberd and a scroll of enchant armour.
There is a transporter here.
You see here a +0 halberd.
Your pack is full.
You see here a scroll of enchant armour.
As you read the scroll of enchant armour, it crumbles to dust.
Your +3 kite shield glows green for a moment.
You see here a +0 halberd.
There is a transporter here.
You enter the transporter and appear at another place.
The death drake hisses angrily.
The moth of wrath's fur bristles in rage as it notices you.
There is a transporter here.
Okay, then.
You enter the transporter and appear at another place.
Found a tin of tremorstones (2/2) and a scroll of summoning.
You gain the combat prowess of a mighty hero.
The redback barely misses you.
The moth of wrath goads the redback on!
The redback goes berserk!
The moth of wrath goads the redback on!
The redback goes berserk!
You puncture the redback! You freeze the redback.
You block the redback's attack.
The redback bites you but does no damage.
The redback bites you!
You are poisoned.
The redback poisons you! You block the redback's attack.
You bludgeon the redback!! You freeze the redback.
You kill the redback!
Okawaru accepts your kill.
You feel extremely sick. The redback bites you!! The redback bites you!
You are more poisoned.
The redback poisons you!
You closely miss the redback.
You feel extremely sick. You block the redback's attack. The redback bites you!
* * * LOW HITPOINT WARNING * * *
You block the redback's attack.
You puncture the redback! You freeze the redback.
* * * LOW HITPOINT WARNING * * *
You feel extremely sick. The redback bites you.
* * * LOW HITPOINT WARNING * * *
The redback bites you!
* * * LOW HITPOINT WARNING * * *
You block the redback's attack.
You feel better. You block the redback's attack. x2
You completely miss the redback. The redback bites you!!
You die...

#########...#
...©......≈............
∩........≈8§..........
...©......≈..........
#########...########
........#...#...... .
.##†##..#...#.....# .#.
#..#..#.#...##....#...#.
#.©#..#.#.###.##@#...}##
.#####..#.#©#..s###..©#©
#..#..#.#.#.#..y.#.##?#.
#..#..#.#.#.#...#.... .
.##.##..#.#.#...#.....
...©)...#.#.#..#......#.
###########.###########.
..#©........#≈≈≈≈8§§§§#.
..#########.#######


You could see a moth of wrath and a redback (berserk).

Vanquished Creatures
  Nessos (Lair:5)
  Josephine (Arena)
  4 hydras
  A catoblepas (Lair:2)
  4 death yaks (Lair:4)
  Amaemon (D:8)
  Pikel (D:4)
  An oklob plant (Lair:4)
  3 elephants (Lair:2)
  An orange demon (D:8)
  8 black mambas
  Maggie (D:6)
  An unseen horror (D:10)
  A torpor snail (Lair:2)
  8 komodo dragons
  14 cane toads
  3 rime drakes
  4 kobold demonologists
  A queen bee (Lair:2)
  3 polar bears
  A slime creature (Lair:1)
  A dream sheep (Lair:2)
  7 blink frogs
  A snapping turtle (Lair:4)
  Sigmund (D:4)
  3 wraiths (Lair:5)
  3 culicivoras (Lair:3)
  7 wyverns
  38 yaks
  2 vampires
  4 basilisks
  A steam dragon (D:9)
  A redback (Gauntlet)
  Menkaure (D:4)
  7 vampire mosquitoes
  6 swamp worms
  25 water moccasins
  4 ice beasts
  4 black bears
  4 ogres
  2 sky beasts
  3 orc warriors
  20 wolves
  2 phantoms
  4 centaurs
  4 kobold brigands
  17 bullfrogs
  2 gnoll sergeants
  10 scorpions
  7 wights
  32 killer bees
  3 howler monkeys (D:9)
  An electric eel (Lair:4)
  4 hounds
  9 jellies
  6 orc priests
  4 iguanas
  Natasha (thrice) (D:3)
  11 orc wizards
  5 hell rats (Lair:5)
  17 adders
  7 gnolls
  6 white imps
  2 ufetubi (D:5)
  4 dart slugs
  48 orcs
  5 ball pythons
  3 bats
  16 endoplasms
  4 giant cockroaches
  4 goblins
  10 hobgoblins
  4 jackals (D:2)
  6 quokkas
  3 frilled lizards
  19 kobolds
  5 rats (D:1)
  4 fungi (Lair:1)
499 creatures vanquished.

Vanquished Creatures (others)
  A kobold (D:1)
  83 fungi
  74 plants
  5 toadstools (D:2)
  12 withered plants (Gauntlet)
175 creatures vanquished.

Grand Total: 674 creatures vanquished

Notes
Turn   | Place    | Note
-------+----------+-------------------------------------------
     0 | D:1      | Pooter the Troll Hunter began the quest for the Orb.
     0 | D:1      | Reached XP level 1. HP: 19/19 MP: 0/0
    78 | D:1      | Reached XP level 2. HP: 28/28 MP: 1/1
   125 | D:1      | Reached skill level 1 in Unarmed Combat
   229 | D:1      | Noticed a golden eye
   232 | D:1      | Found a faded altar of an unknown god.
   238 | D:1      | Noticed a golden eye
   251 | D:1      | Noticed a golden eye
   327 | D:1      | Noticed a great orb of eyes
   422 | D:1      | Reached XP level 3. HP: 35/35 MP: 2/2
   869 | D:2      | Reached skill level 2 in Unarmed Combat
   982 | D:2      | Got the Papyrus of the Twisted Mountains
  1005 | D:2      | Reached XP level 4. HP: 35/42 MP: 3/3
  1553 | D:3      | Identified the ring of Dojyizen {Ice rElec Int-5 Stlth+}
  1563 | D:3      | Noticed Natasha
  1578 | D:3      | Killed Natasha
  1621 | D:3      | Identified the +0 ring mail "Paaddi" {rElec rN+}
  1643 | D:3      | Noticed Natasha
  1650 | D:3      | Killed Natasha
  1651 | D:3      | Reached skill level 1 in Evocations
  1651 | D:3      | Reached XP level 5. HP: 40/49 MP: 4/4
  1871 | D:3      | Noticed Natasha
  1880 | D:3      | Killed Natasha
  2122 | D:3      | Found a radiant altar of Vehumet.
  2396 | D:4      | Noticed an ogre
  2396 | D:4      | Found Tagu's Book Boutique.
  2447 | D:4      | Noticed Menkaure
  2452 | D:4      | Killed Menkaure
  2453 | D:4      | Reached skill level 3 in Unarmed Combat
  2453 | D:4      | Reached XP level 6. HP: 37/59 MP: 5/5
  3104 | D:4      | Noticed Sigmund
  3105 | D:4      | Reached skill level 4 in Unarmed Combat
  3132 | D:4      | Killed Sigmund
  3133 | D:4      | Reached XP level 7. HP: 52/67 MP: 6/6
  3378 | D:4      | Noticed Pikel
  3391 | D:4      | Killed Pikel
  3392 | D:4      | Reached skill level 5 in Unarmed Combat
  3392 | D:4      | Reached XP level 8. HP: 52/75 MP: 7/7
  3443 | D:4      | Found a runed translucent door.
  3446 | D:4      | Noticed kyalle's ghost (amateur MiFi)
  3603 | D:4      | Found Enaty's Magic Scroll Boutique.
  3611 | D:4      | Bought a scroll of enchant weapon for 105 gold pieces
  3611 | D:4      | Bought a scroll of teleportation for 42 gold pieces
  3611 | D:4      | Bought a scroll of identify for 28 gold pieces
  3611 | D:4      | Bought a scroll of magic mapping for 49 gold pieces
  3972 | D:5      | Entered Level 5 of the Dungeon
  4009 | D:5      | Reached skill level 5 in Crossbows
  4054 | D:5      | Found an iron altar of Okawaru.
  4078 | D:5      | Reached skill level 6 in Unarmed Combat
  4100 | D:5      | Became a worshipper of Warmaster Okawaru
  5039 | D:5      | Reached * piety under Okawaru
  5040 | D:5      | Reached skill level 1 in Invocations
  5040 | D:5      | Reached XP level 9. HP: 81/84 MP: 8/8
  5243 | D:5      | Reached skill level 7 in Unarmed Combat
  5492 | D:6      | Found a staircase to the Ecumenical Temple.
  5838 | D:6      | Identified the +2 robe "Mytane" {Int+3}
  5955 | D:6      | Noticed Maggie
  5968 | D:6      | Killed Maggie
  5968 | D:6      | Reached ** piety under Okawaru
  6421 | D:6      | Found Paull's Jewellery Emporium.
  6918 | D:7      | Reached skill level 8 in Unarmed Combat
  6994 | D:7      | Noticed a +0 spear
  6995 | D:7      | Noticed a +0 falchion
  6995 | D:7      | Noticed a +0 dagger
  6995 | D:7      | Noticed a +0 spear
  6996 | D:7      | Noticed a +0 falchion
  6996 | D:7      | Noticed a +0 short sword
  6997 | D:7      | Noticed a +0 short sword
  6997 | D:7      | Noticed a +0 dagger
  7000 | D:7      | Found a hide-covered altar of Uskayaw.
  7140 | D:7      | Reached XP level 10. HP: 68/94 MP: 8/11
  7944 | D:7      | Reached skill level 5 in Fighting
  8356 | D:8      | Noticed Amaemon
  8357 | D:8      | Noticed an orange demon
  8369 | D:8      | Killed Amaemon
  8369 | D:8      | Reached *** piety under Okawaru
  8370 | D:8      | Reached skill level 1 in Throwing
  8374 | D:8      | Killed an orange demon
  8840 | D:8      | Found Meytwib's Antique Weapon Emporium.
  8915 | D:8      | Identified the +1 pair of gloves of Bad Feelings {Dex+2}
  9166 | D:9      | Reached skill level 9 in Unarmed Combat
  9171 | D:9      | Found a shimmering blue altar of Sif Muna.
  9299 | D:9      | Reached **** piety under Okawaru
  9491 | D:9      | Found a bloodstained altar of Trog.
  9805 | D:9      | Reached XP level 11. HP: 63/104 MP: 10/13
  9929 | D:9      | Found a blossoming altar of Fedhas.
 10050 | D:10     | Entered Level 10 of the Dungeon
 10111 | D:10     | Noticed a sun demon
 10113 | D:10     | Reached ***** piety under Okawaru
 10122 | D:10     | Received a gift from Okawaru
 10123 | D:10     | Reached skill level 1 in Shields
 10643 | D:10     | Reached skill level 5 in Evocations
 10657 | D:10     | Identified the +0 hat of the Sun {Str+4} (Okawaru gifted it
                  | to you on level 10 of the Dungeon)
 10657 | D:10     | Received a gift from Okawaru
 10788 | D:10     | Reached skill level 10 in Unarmed Combat
 10856 | D:10     | Found a staircase to the Lair.
 11114 | D:6      | Bought an amulet of reflection for 390 gold pieces
 11447 | D:10     | You fall into a shaft and drop 1 floor!
 11877 | D:10     | Upgraded the game from 0.29-a0-506-ga2e7fffb44 to
                  | 0.29-a0-512-gf59ac788ac
 11934 | Lair:1   | Entered Level 1 of the Lair of Beasts
 11989 | Lair:1   | Noticed a seven-headed hydra
 12006 | Lair:1   | Killed a seven-headed hydra
 12021 | Lair:1   | Reached skill level 5 in Invocations
 12448 | Lair:1   | Reached XP level 12. HP: 79/114 MP: 12/14
 13965 | Lair:2   | Noticed a seven-headed hydra
 13975 | Lair:2   | Killed a seven-headed hydra
 13975 | Lair:2   | Received a gift from Okawaru
 14046 | Lair:2   | Reached skill level 11 in Unarmed Combat
 14295 | Lair:2   | Received a gift from Okawaru
 14440 | Lair:2   | Noticed a catoblepas
 14449 | Lair:2   | Killed a catoblepas
 14449 | Lair:2   | Received a gift from Okawaru
 14686 | Lair:2   | Received a gift from Okawaru
 15264 | Lair:2   | Noticed a seven-headed hydra
 15273 | Lair:2   | Killed a seven-headed hydra
 15299 | Lair:2   | Identified the ring "Yjutioz" {rF+ rN+ Will+ SInv}
 15302 | Lair:2   | Identified the +8 flail of Lon Pos {vorpal, *Rage Will+
                  | Int+6}
 15635 | Lair:2   | Reached XP level 13. HP: 124/124 MP: 16/16
 15668 | Lair:3   | Reached skill level 12 in Unarmed Combat
 15833 | Lair:3   | Found a hole to the Spider Nest.
 15917 | Lair:3   | Received a gift from Okawaru
 16320 | Lair:3   | Reached skill level 5 in Throwing
 16923 | Lair:4   | Found a staircase to the Shoals.
 17771 | Lair:5   | Noticed Nessos
 17840 | Lair:5   | Killed Nessos
 18036 | Lair:5   | Noticed Josephine
 18038 | Arena    | Entered the Arena
 18043 | Arena    | Killed Josephine
 18495 | Lair:4   | Reached skill level 13 in Unarmed Combat
 18501 | Lair:4   | HP: 6/127 [yak (3)]
 19110 | Lair:6   | Entered Level 6 of the Lair of Beasts
 19189 | Lair:6   | Found a gate leading to a gauntlet.
 19213 | Gauntlet | Entered a Gauntlet
 19213 | Gauntlet | Found a transporter.
 19213 | Gauntlet | Found a transporter.
 19219 | Gauntlet | Found a transporter.
 19221 | Gauntlet | Found a transporter.
 19234 | Gauntlet | Reached XP level 14. HP: 71/136 MP: 18/18
 19269 | Gauntlet | Found a transporter.
 19280 | Gauntlet | Found a transporter.
 19294 | Gauntlet | Found a transporter.
 19301 | Gauntlet | Slain by a redback

Illustrated notes

Levels and vault maps discovered:
D:1:      eino_arrival_water_star, layout_basic,
          hellmonk_ecumenical_altar_watching_god, lemuel_flame_loot_1
D:2:      layout_loops_cross, minmay_stone_trees_small,
          minmay_gold_behind_fungi, hangedman_decor_push,
          chequers_serial_rivers_marsh, grunt_decor_resistance
D:3:      layout_basic, vehumet_altar_wand_db, uniq_natasha
D:4:      layout_basic, serial_shops, nicolae_square_shop,
          nicolae_stop_n_shop_2, ebering_ghost_sewer_d, uniq_pikel,
          uniq_menkaure, uniq_sigmund
D:5:      layout_rooms, okawaru_gym_becter, serial_curves, eino_curves_01,
          eino_curves_01, minmay_increasing_density
D:6:      layout_layer_cave, minmay_temple_entry_drinking_statues, serial_shops,
          shop_fountains, minmay_misc_feat_nine_boxes, dk_noncrumbling_2,
          uniq_maggie
D:7:      layout_basic, nicolae_uskayaw_en_pointe, supply_closet_lemuel
D:8:      layout_gridville, serial_shops, nicolae_diamond_shop,
          chequers_serial_rivers_room_b, uniq_amaemon
D:9:      layout_loops_cross, lemuel_crystal_altar,
          mainiacjoe_overflow_tiny_flanked, general_overflow_altar,
          minmay_misc_feat_square
D:10:     layout_loops_corners, due_lair_maze_entry_diamond,
          kennysheep_big_empty_room, minmay_circle_x
D:11:     layout_roguey, serial_shops, nicolae_shop_stone
Lair:1:   lemuel_slime, layout_layer_cave, cheibrodos_lair_reptile_den,
          grunt_megastairs_4
Lair:2:   nzn_winding_woodlands_large [nzn_winding_woodlands_hourglass,
          nzn_winding_woodlands_5x15_cabin, nzn_winding_woodlands_5x5_cross,
          nzn_winding_woodlands_center_diamonds,
          nzn_winding_woodlands_15x15_boxy_spiral,
          nzn_winding_woodlands_center_lodge, nzn_winding_woodlands_5x5_three,
          nzn_winding_woodlands_5x15_pathside_ponds,
          nzn_winding_woodlands_5x5_closed_star], layout_cave_pods, special_room
          [special_room_bee], worms_lemuel
Lair:3:   layout_regular_city, hellmonk_spider_entry_life_and_decay,
          grunt_megastairs_3
Lair:4:   layout_gridlike, minmay_shoals_entry_hut, lookout_lair_type
Lair:5:   layout_cave_pods, grunt_megastairs_5, uniq_nessos, uniq_josephine
Lair:6:   grunt_lair_end_beastmaster, layout_misc_corridors, slime_altar_1,
          gauntlet_entry_generic, uniq_sonja
Gauntlet: gammafunk_gauntlet_branching [nicolae_gauntlet_arena_x,
          nicolae_gauntlet_arena_quarters, gammafunk_gauntlet_arena_chambers,
          nicolae_gauntlet_arena_blocks, nicolae_gauntlet_swirl,
          gammafunk_gauntlet_arena_arrow_garden,
          gammafunk_gauntlet_arena_spirals, nicolae_gauntlet_arena_flowing_pool,
          dreamdust_gauntlet_exit_labyrinth]

Skill      XL: |  1  2  3  4  5  6  7  8  9 10 11 12 13 |
---------------+----------------------------------------+-----
Unarmed Combat | 1 2 3 4 5 6 8 9 10 11 13 | 13.2
Crossbows      | 3 4 5 6 7 9 |  9.9
Fighting       | 2 3 4 5 6 7 8 |  8.1
Evocations     | 1 2 3 4 5 |  5.5
Invocations    | 1 2 4 5 6 7 |  7.5
Throwing       | 2 3 4 6 |  6.0
Shields        | 2 3 |  3.1
Dodging        | |  1.5
Stealth        | |  0.3

Action                   |  1- 3 |  4- 6 |  7- 9 | 10-12 | 13-15 || total
-------------------------+-------+-------+-------+-------+-------++-------
Melee: Unarmed           |    18 |    74 |   153 |   495 |   304 ||  1044
       Punch             |     2 |     2 |     3 |       |       ||     7
       Morningstar       |       |       |    17 |    19 |    19 ||    55
       Demon whip        |       |       |       |    46 |       ||    46
 Fire: Hand crossbow     |    75 |   104 |   211 |   183 |    83 ||   656
Throw: Javelin           |       |       |     3 |     5 |       ||     8
       Dart              |       |       |     2 |    42 |    12 ||    56
       Boomerang         |       |       |       |     6 |       ||     6
       Large rock        |       |       |       |       |     3 ||     3
Invok: Heroism           |       |       |     4 |    32 |    28 ||    64
       Finesse           |       |       |       |     2 |     3 ||     5
       Duel              |       |       |       |       |     1 ||     1
Evoke: Wand              |       |     5 |       |    15 |     1 ||    21
  Use: Scroll            |     3 |     1 |     6 |    11 |     7 ||    28
       Potion            |       |       |     4 |     7 |     4 ||    15
 Stab: Sleeping          |     1 |       |     1 |     1 |       ||     3
       Invisible         |       |       |       |     3 |       ||     3
Armor: Robe              |    10 |    21 |    86 |       |       ||   117
       Steam dragon scal |       |       |    16 |   191 |       ||   207
       Quicksilver drago |       |       |       |    21 |   104 ||   125
Dodge: Dodged            |     5 |    39 |   118 |   281 |   100 ||   543
Block: Kite shield       |       |       |       |   241 |   205 ||   446
       Orb               |       |       |       |     7 |       ||     7
       Reflection        |       |       |       |     1 |       ||     1

Table legend: (Time is in decaauts)
 A = Elapsed time spent in this place.
 B = Non-inter-level travel time spent in this place.
 C = Inter-level travel time spent in this place.
 D = Time resting spent in this place.
 E = Time spent auto-exploring this place.
 F = Levels seen in this place.
 G = Mean time per level.
                   A        B        C        D        E       F      G
               +--------+--------+--------+--------+--------+-----+--------+
         Total |  19105 |  18381 |    724 |   3451 |  11169 |  19 | 1005.5 |
       Dungeon |  11876 |  11278 |    598 |   2486 |   6588 |  11 | 1079.6 |
          Lair |   7111 |   6985 |    126 |    965 |   4520 |   6 | 1185.2 |
      Gauntlet |     92 |     92 |      0 |      0 |     41 |   1 |   92.0 |
         Arena |     24 |     24 |      0 |      0 |     19 |   1 |   24.0 |
               +--------+--------+--------+--------+--------+-----+--------+

Top non-repeatable levels by time:
  Lair:2: 2083 daAuts
  Lair:1: 1544 daAuts
     D:6: 1538 daAuts
     D:4: 1520 daAuts
     D:7: 1460 daAuts
     D:5: 1413 daAuts
    D:10: 1396 daAuts
  Lair:3: 1253 daAuts
  Lair:5: 1157 daAuts
     D:9: 1096 daAuts
  Lair:4: 971 daAuts
     D:3: 960 daAuts
     D:8: 948 daAuts
     D:2: 821 daAuts
     D:1: 707 daAuts
